Map: Ephemeron LE

Players

ChronicMonky - Winner!

  • Race: Terran Terran
  • League: Platinum
  • Spawn Location: 5:00

Djorn

  • Race: Protoss Protoss
  • Spawn Location: 11:00

VOD

Have the link to the VOD?

Description

Time

  • Played on: Aug. 23, 2019, 11:17 p.m.
  • Length: 10:56
Show
View Real Time Build Order
Export as new Build Order

ChronicMonky Terran - Winner!

Build Orders:  

Get SALT Encoding   

  12  0:01  SCV  
  13  0:13  SCV  
  14  0:18  Supply Depot  
  14  0:35  SCV  
  15  0:41  Barracks  
  15  0:46  Refinery  
  15  0:47  SCV  
  16  0:59  SCV  
  16  1:03  Refinery  
  17  1:11  SCV  
  18  1:23  SCV  
  19  1:29  Supply Depot  
  19  1:31  Reaper  
  20  1:35  SCV  
  21  1:47  SCV  
  22  1:59  Factory, SCV  
  23  2:09  Barracks Tech Lab  
  23  2:12  SCV  
  24  2:28  Orbital Command  
  24  2:31  Supply Depot  
  24  2:55  Factory Tech Lab  
  23  3:06  Marauder  
  23  3:12  Command Center  
  25  3:14  Siege Tank  
  28  3:22  Stimpack  
  28  3:23  Supply Depot  
  28  3:27  Marauder, SCV  
  29  4:07  SCV  
  30  4:17  Infernal Pre-Igniter  
  30  4:18  Starport  
  30  4:19  SCV  
  30  4:20  Hellion  
  33  4:26  Marine  
  34  4:31  SCV  
  34  4:34  Supply Depot  
  35  4:42  Hellion  
  35  4:43  Marine, SCV  
  39  4:54  Orbital Command  
  39  4:56  SCV  
  40  5:03  Supply Depot, Hellion  
  40  5:04  Marine  
  43  5:08  Starport Reactor, SCV  
  44  5:17  Refinery  
  44  5:20  SCV  
  45  5:26  Supply Depot  
  45  5:27  Combat Shield  
  45  5:29  Marine  
  45  5:32  SCV  
  47  5:45  Medivac, Barracks  
  47  5:46  Marine  
  47  5:47  Medivac  
  52  5:55  Supply Depot  
  52  6:10  Siege Tank  
  55  6:14  Marine  
  57  6:18  SCV  
  57  6:20  SCV  
  58  6:30  SCV  
  58  6:32  SCV, Marine  
  61  6:42  Siege Tank  
  61  6:46  Concussive Shells  
  62  6:50  Marine  
  59  7:05  Barracks Reactor  
  59  7:08  Barracks, Marine  
  60  7:13  Engineering Bay x2  
  60  7:21  SCV x2  
  62  7:25  Marine  
  62  7:27  Command Center  
  63  7:33  SCV x2  
  65  7:41  Marine x2  
  69  7:44  Marauder  
  69  7:47  Terran Infantry Armor Level 1, Terran Infantry Weapons Level 1  
  69  7:50  Siege Tank  
  72  7:59  Marine x2  
  72  8:02  Refinery  
  76  8:05  Marauder  
  76  8:06  Barracks Reactor  
  76  8:10  Barracks  
  76  8:15  Medivac  
  76  8:17  Medivac, Marine x2  
  82  8:27  Marauder  
  84  8:30  SCV x2  
  86  8:35  Marine x2  
  88  8:45  Medivac  
  88  8:47  Medivac  
  88  8:48  Marauder, Marine x2  
  94  8:52  Marine  
  94  8:53  Marine  
  98  8:58  Armory  
  98  9:06  Marine x2  
  98  9:08  Missile Turret  
  98  9:09  Marauder, Missile Turret  
  102  9:10  Marine x2  
  104  9:24  Marine x2  
  105  9:28  Marine x2  
  108  9:41  Marine  
  109  9:48  Supply Depot  
  109  9:49  Supply Depot  
  109  10:10  Widow Mine, Marauder, Marine x4  
  117  10:28  Marine x3  
  120  10:31  Sensor Tower  
  120  10:32  Marauder  
Show
View Real Time Build Order
Export as new Build Order

Djorn Protoss 

Build Orders: Archon Immortal 

Get SALT Encoding   

  12  0:01  Probe  
  13  0:15  Probe  
  13  0:21  Pylon  
  14  0:27  Probe  
  15  0:35  Probe  
  16  0:43  Probe  
  16  0:49  Gateway  
  17  0:55  Probe, Assimilator  
  18  1:07  Probe  
  19  1:14  Gateway  
  19  1:19  Probe  
  20  1:31  Probe  
  21  1:40  Cybernetics Core  
  21  1:54  Pylon  
  21  2:02  Nexus  
  21  2:06  Pylon  
  21  2:21  Adept x2  
  21  3:19  Warp Gate  
  21  3:20  Gateway  
  21  3:24  Probe  
  22  3:27  Probe  
  22  3:32  Adept  
  25  3:35  Adept  
  25  3:36  Probe  
  25  3:39  Probe  
  29  3:48  Probe  
  30  3:51  Probe  
  31  4:00  Probe  
  31  4:02  Adept  
  32  4:03  Probe  
  32  4:05  Adept  
  35  4:10  Zealot  
  35  4:15  Probe  
  38  4:27  Twilight Council  
  38  4:31  Robotics Facility  
  38  4:35  Pylon  
  38  4:38  Zealot  
  40  4:42  Adept  
  40  4:45  Adept  
  44  4:55  Forge  
  44  4:59  Assimilator  
  44  5:01  Assimilator  
  44  5:04  Assimilator  
  44  5:10  Immortal, Probe  
  45  5:15  Probe  
  45  5:19  Protoss Ground Weapons Level 1  
  50  5:22  Probe  
  50  5:28  Probe  
  52  5:34  Probe  
  53  5:40  Probe  
  54  5:49  Warp Prism, Probe  
  57  5:53  Probe  
  58  6:01  Zealot x2  
  62  6:10  Pylon  
  62  6:13  Pylon  
  62  6:16  Pylon  
  62  6:20  Charge  
  62  6:25  Pylon  
  62  6:28  Immortal, Probe x2  
  68  6:38  Zealot x3  
  74  6:40  Probe  
  75  7:08  Observer  
  76  7:29  Observer  
  77  7:31  Gateway  
  77  7:34  Protoss Ground Weapons Level 2  
  77  7:35  Gateway  
  77  7:39  Zealot x3  
  77  7:41  Gateway  
  77  7:43  Gateway  
  83  7:49  Probe  
  84  7:54  Immortal  
  88  8:00  Resonating Glaives  
  88  8:01  Probe  
  88  8:05  Templar Archives  
  89  8:12  Zealot x2  
  93  8:28  Pylon  
  93  8:30  Pylon  
  93  8:34  Pylon  
  93  8:38  Pylon  
  93  8:45  Pylon  
  93  8:46  Immortal  
  97  8:49  Pylon  
  97  9:00  Zealot x3  
  97  9:01  Zealot x4  
  111  9:08  Psionic Storm  
  111  9:21  High Templar  
  111  9:22  High Templar x2  
  111  9:24  High Templar  
  119  9:29  Archon  
  119  9:32  Archon  
  97  10:49  Zealot x2  
  69  10:50  Zealot x3  
Tags
 
Composition
Archon Immortal
League
Platinum
Matchup
PvT
Replay Pack
sc2replays
Spawn Locations
Cross Positions
Add a new tag
Caveats
  • Supply blocks, unpowered buildings, or Contaminate may cause inaccurate times.
  • Supply counts are checked every 10 seconds.